 Dungeon Crawl Stone Soup version 0.32-a0-132-g2d33c3cfaf (webtiles) character file.

Game seed: 11746328414515923017

783 PriceMaster the Firebug (level 7, -1/43 HPs)
             Began as an Octopode Fire Elementalist on Feb 9, 2024.
             Was a Priest of Zin.
             Killed by an exploding gnoll (11 damage)
             ... ignited by their inner flame
             ... on level 5 of the Dungeon.
             The game lasted 00:09:09 (6138 turns).

PriceMaster the Firebug (OpFE)                      Turns: 6138, Time: 00:09:09

Health: -1/43      AC:  1    Str:  7    XL:     7   Next: 86%
Magic:  12/23      EV: 13    Int: 19    God:    Zin [***...]
Gold:   69         SH:  0    Dex: 13    Spells: 10/16 levels left

rFire   + . .        j - +1 great sword (flame)
rCold   + . .        (shield currently unavailable)
rNeg    . . .        (helmet restricted)
rPois   +            (no amulet)
rElec   +            m - ring of magical power
rCorr   +            (no ring)
SInv    .            (no ring)
Will    .....        (no ring)
Stlth   +++          (no ring)
HPRegen 0.27/turn    (no ring)
MPRegen 0.18/turn    (no ring)
                     (no ring)

%: no passive effects
@: resistant, very slightly contaminated
A: almost no armour, amphibious, 8 rings, camouflage 1, gelatinous body 1,
(nimble swimmer 1), tentacles
a: Renounce Religion, Recite, Vitalisation, Imprison, Donate Gold


You were on level 5 of the Dungeon.
You worshipped Zin.
Zin was most pleased with you.
You visited 1 branch of the dungeon, and saw 5 of its levels.

You collected 228 gold pieces.
You donated 159 gold pieces to Zin.

Inventory:

Hand Weapons
 a - a +0 dagger of venom
 j - a +1 great sword of flaming (weapon)
Missiles
 c - 2 throwing nets
Jewellery
 m - a ring of magical power (left tentacle)
 x - an amulet of guardian spirit
Wands
 u - a wand of iceblast (9)
 v - a wand of mindburst (21)
Scrolls
 l - 2 scrolls of enchant armour {unknown}
 p - a scroll of fog {unknown}
 q - a scroll of immolation
 r - a scroll of revelation {unknown}
 s - 2 scrolls of teleportation {unknown}
 t - a scroll of blinking {unknown}
Potions
 b - a potion of brilliance
 d - a potion of heal wounds
 f - 2 potions of curing
 g - a potion of invisibility
 i - a potion of might {unknown}
 k - 2 potions of mutation {unknown}
 n - a potion of haste {unknown}
 o - a potion of ambrosia {unknown}
 w - a potion of lignification {unknown}


   Skills:
 + Level 1.5 Fighting
 + Level 0.3(0.4) Short Blades
 + Level 0.4(0.5) Long Blades
 + Level 2.2 Dodging
 + Level 4.0 Stealth
 + Level 5.2 Spellcasting
 + Level 2.1 Conjurations
 + Level 2.5 Hexes
 + Level 5.3 Fire Magic


You had 10 spell levels left.
You knew the following spells:

 Your Spells              Type           Power      Damage    Failure   Level
a - Foxfire               Conj/Fire      76%        2x1d7     2%          1
b - Scorch                Fire           50%        2d7       1%          2
c - Inner Flame           Hex/Fire       19%        N/A       8%          3

Your spell library contained the following spells:

 Spells                   Type           Power      Damage    Failure   Level
 Magic Dart               Conj           52%        1d5       4%          1
 Volatile Blastmotes      Fire/Tloc      30%        2d12      12%         3
 Blink                    Tloc           8%         N/A       19%         2
 Call Imp                 Summ           8%         N/A       19%         2
 Cigotuvi's Dreadful Rot  Necr/Alch/Air  8%         N/A       19%         2
 Mephitic Cloud           Conj/Alch/Air  7%         N/A       26%         3
 Flame Wave               Conj/Fire      19%        2d7       26%         4
 Frozen Ramparts          Ice            8%         1d2       36%         3
 Fulminant Prism          Conj/Alch      4%         3d5       61%         4
 Leda's Liquefaction      Alch/Erth      2%         N/A       77%         4
 Petrify                  Alch/Erth      4%         N/A       77%         4
 Metabolic Englaciation   Hex/Ice        4%         N/A       90%         5


Dungeon Overview and Level Annotations

Branches:
Dungeon (5/15)             Temple (0/1) D:5

Altars:
Uskayaw
Wu Jian
Xom
Zin

Shops:
D:2 (   D:4 (

Annotations:
D:5 1 transporter


Innate Abilities, Weirdness & Mutations

You cannot wear most types of armour.
You are amphibious.
You can wear up to eight rings at the same time.
Your skin changes colour to match your surroundings (Stealth+).
Your rubbery body absorbs attacks. (AC +1, EV +1)
((You are camouflaged when in or above water. (Stealth+)))
You have tentacles for arms and can constrict up to eight enemies at once.


Message History

The gnoll barely resists.
The gnoll closely misses you.
The gnoll sergeant hits you from afar with a +0 spear!
The gnoll closely misses you.
Casting: Inner Flame (dangerous; 8% risk of failure)
Confirm with . or Enter, or press ? or * to list all spells.
Aiming: Inner Flame (dangerous; 8% risk of failure)
Press: ? - help, Dir - move target, f/p - gnoll
Aim: a gnoll, wielding a +2 halberd of pain and quivering a throwing net (chance to affect: 81%)
The gnoll is filled with an inner flame.
The gnoll barely misses you. The gnoll sergeant barely misses you.
The gnoll closely misses you.
Casting: Inner Flame (dangerous; 8% risk of failure)
Confirm with . or Enter, or press ? or * to list all spells.
Flames lash the gnoll sergeant.
The gnoll sergeant is lightly wounded.
The gnoll sergeant's fire resistance burns away.
The gnoll barely misses you. The gnoll sergeant misses you.
The gnoll closely misses you. x2
Casting: Scorch (safe; 1% risk of failure)
Confirm with . or Enter, or press ? or * to list all spells.
You conjure some foxfire!
The gnoll hits you from afar with a +2 halberd of pain.
The gnoll sergeant closely misses you. The gnoll hits you with a +0 flail!
* * * LOW HITPOINT WARNING * * *
The gnoll barely misses you.
As you read the scroll labelled HAUD SETAEST, it crumbles to dust.
The creatures around you are filled with an inner flame!
It was a scroll of immolation.
The foxfire hits the gnoll.
Flame seeps out of the gnoll.
The gnoll is moderately wounded.
The foxfire hits the gnoll!
Flame seeps out of the gnoll.
The gnoll is heavily wounded.
The gnoll throws a throwing net.
The throwing net completely misses you.
The throwing net barely misses the gnoll.
The throwing net hits the gnoll sergeant.
The gnoll sergeant is caught in the net!
The gnoll is engulfed in blazing flames.
The gnoll explodes!
The fiery explosion engulfs you! You resist.
You die...

#.≈≈#ß.###g###.ß#≈≈.#.#
#.≈≈#...........#≈≈.#.#
#.≈≈###.##'##.###≈≈.#.#
#.≈≈..#.#...#.#..≈≈.#.#
#.≈≈.##g#⌠.⌠#.##.≈≈.#.#
##.≈≈.#..#... ..#.≈≈.#.#
#..≈≈.##.##.##.##.≈≈.#.#
######......#g#g§§#g#..≈≈...#
...#.......©#gg.@○gg#©.~~.#.#
##.#.#......#.#ߧß#.#..≈≈.#.#
........≈≈.##.#####.##.≈≈.#.#####
........≈≈.#..# #.©#.≈≈........
##.#....≈≈.##.#$ #.##.≈≈.#######
#.#..#.≈≈..#.#$$ #.#..≈≈.# #
#.#....≈≈###.## #.###≈≈.#######
#......≈≈#..... .....#≈≈....>...
####.#.≈≈#ß.###.###.ß#≈≈.#######


You could see 2 gnoll sergeants and 5 gnolls.

Vanquished Creatures
  Grinder (D:5)
  Menkaure (D:5)
  An ice beast (D:5)
  An ogre (D:5)
  A bombardier beetle (D:5)
  3 hounds
  A sleepcap (D:4)
  An iguana (D:5)
  A gnoll (D:5)
  5 adders
  2 dart slugs (D:2)
  2 ribbon worms
  7 orcs
  7 endoplasms
  4 giant cockroaches
  7 goblins
  4 hobgoblins
  3 jackals (D:1)
  8 kobolds
  A quokka (D:3)
  9 ball pythons
  4 bats
  3 frilled lizards (D:1)
  6 rats
83 creatures vanquished.

Vanquished Creatures (others)
  178 foxfires
178 creatures vanquished.

Grand Total: 261 creatures vanquished

Notes
Turn   | Place    | Note
-------+----------+-------------------------------------------
     0 | D:1      | PriceMaster the Octopode Fire Elementalist began the quest
                  | for the Orb.
     0 | D:1      | Reached XP level 1. HP: 11/11 MP: 3/3
     6 | D:1      | Noticed a black mamba
     6 | D:1      | Noticed a wyvern
     6 | D:1      | Noticed an iguana
     7 | D:1      | Noticed a hog
     7 | D:1      | Noticed a lindwurm
   298 | D:1      | Found a faded altar of an unknown god.
   365 | D:1      | Reached XP level 2. HP: 17/17 MP: 1/5
   368 | D:1      | Learned a level 2 spell: Scorch
   652 | D:1      | Prayed at the altar of an unknown god.
   652 | D:1      | Became a worshipper of Zin the Law-Giver
   652 | D:1      | Reached * piety under Zin
   862 | D:1      | Donated 18 gold pieces to Zin
  1214 | D:2      | Reached XP level 3. HP: 21/21 MP: 0/6
  1218 | D:2      | Learned a level 3 spell: Inner Flame
  1902 | D:2      | Found Valerghe's Antique Weapon Boutique.
  1914 | D:2      | Donated 23 gold pieces to Zin
  2451 | D:3      | Reached XP level 4. HP: 11/27 MP: 0/8
  2573 | D:3      | Reached ** piety under Zin
  3709 | D:4      | Found Sifozuez's Antique Weapon Boutique.
  3924 | D:4      | Reached XP level 5. HP: 31/31 MP: 9/9
  4028 | D:4      | Found a glowing silver altar of Zin.
  4342 | D:4      | Reached skill level 1 in Hexes
  4795 | D:4      | Donated 64 gold pieces to Zin
  4926 | D:4      | Donated 32 gold pieces to Zin
  4940 | D:5      | Entered Level 5 of the Dungeon
  4947 | D:5      | Reached skill level 1 in Fighting
  4947 | D:5      | Reached XP level 6. HP: 30/38 MP: 8/11
  5130 | D:5      | Reached *** piety under Zin
  5211 | D:5      | Found a shimmering altar of Xom.
  5212 | D:5      | Found an ornate altar of the Wu Jian Council.
  5215 | D:5      | Found a hide-covered altar of Uskayaw.
  5221 | D:5      | Noticed Grinder
  5223 | D:5      | Paralysed by Grinder for 4 turns
  5233 | D:5      | Killed Grinder
  5234 | D:5      | Reached XP level 7. HP: 28/43 MP: 13/13
  5699 | D:5      | Found a transporter.
  5713 | D:5      | Got Seh Peni's Teachings on the Hornet
  5782 | D:5      | Found a transporter.
  5889 | D:5      | Found a staircase to the Ecumenical Temple.
  5889 | D:5      | Noticed Menkaure
  5894 | D:5      | Killed Menkaure
  5895 | D:5      | Reached skill level 5 in Spellcasting
  5895 | D:5      | Reached skill level 5 in Fire Magic
  6123 | D:5      | Identified the amulet "Riufuze" {RegenMP Will- Regen+
                  | Stlth+}
  6138 | D:5      | Killed by an exploding gnoll... ignited by their inner
                  | flame

Illustrated notes

Levels and vault maps discovered:
D:1:      onia_arrival_zoo_common, layout_basic,
          hellmonk_ecumenical_altar_inner_sanctum
D:2:      layout_basic, serial_shops, nicolae_diamond_shop
D:3:      layout_basic
D:4:      layout_loops_cross, mainiacjoe_overflow_brackets,
          nicolae_stop_n_shop_2, hex_tiny
D:5:      layout_loops_ring, grunt_temple_overflow_open,
          minmay_temple_entry_mist, gammafunk_ghost_gnarly_gnolls, st_stairs_10,
          corexii_item_surrounded_by_moat, uniq_menkaure, uniq_grinder

Skill      XL: |  1  2  3  4  5  6  7 |
---------------+----------------------+-----
Stealth        | 3 4 |  4.0
Spellcasting   | 3 4 5 |  5.2
Fire Magic     | 4 5 |  5.3
Hexes          | 1 2 |  2.5
Fighting       | 1 |  1.5
Conjurations   | 2 |  2.1
Short Blades   | |  0.3
Long Blades    | |  0.4
Dodging        | |  2.2

Action                     |  1- 3 |  4- 6 |  7- 9 || total
---------------------------+-------+-------+-------++-------
  Melee: Dagger            |    30 |     5 |       ||    35
         Unarmed           |     4 |       |       ||     4
         Tentacles         |     9 |     3 |       ||    12
         Constrict         |     8 |     2 |       ||    10
         Punch             |     1 |       |       ||     1
         Great sword       |       |     3 |       ||     3
   Cast: Foxfire           |    44 |    53 |    12 ||   109
         Scorch            |    10 |    18 |     3 ||    31
         Inner Flame       |     2 |    17 |     9 ||    28
 Invoke: Donate Gold       |     2 |     2 |       ||     4
    Use: Potion            |     1 |       |       ||     1
         Scroll            |     1 |     3 |     6 ||    10
   Stab: Sleeping          |     2 |       |       ||     2
 Armour: Skin              |    18 |    15 |     5 ||    38
  Dodge: Dodged            |    26 |    12 |    15 ||    53

Table legend: (Time is in decaauts)
 A = Elapsed time spent in this place.
 B = Non-inter-level travel time spent in this place.
 C = Inter-level travel time spent in this place.
 D = Time resting spent in this place.
 E = Time spent auto-exploring this place.
 F = Levels seen in this place.
 G = Mean time per level.
                   A        B        C        D        E       F      G
               +--------+--------+--------+--------+--------+-----+--------+
         Total |   6137 |   6043 |     94 |    777 |   4655 |   5 | 1227.4 |
       Dungeon |   6137 |   6043 |     94 |    777 |   4655 |   5 | 1227.4 |
               +--------+--------+--------+--------+--------+-----+--------+

Top non-repeatable levels by time:
     D:3: 1404 daAuts
     D:4: 1232 daAuts
     D:5: 1197 daAuts
     D:2: 1185 daAuts
     D:1: 1117 daAuts
